 Dungeon Crawl Stone Soup version 0.27-a0-1189-gb8eb6cee8e (webtiles) character file.

Game seed: 9415615976290995181

203 Gwenloh the Sneak (level 5, -1/24 HPs)
             Began as a Spriggan Enchanter on May 22, 2021.
             Splashed by a jelly's acid (9 damage)
             ... on level 4 of the Dungeon.
             The game lasted 00:12:12 (4193 turns).

Gwenloh the Sneak (Spriggan Enchanter)              Turns: 4193, Time: 00:12:12

Health: -1/24      AC:  2    Str:  4    XL:     5   Next: 51%
Magic:  3/10       EV: 17    Int: 16    God:
Gold:   131        SH:  0    Dex: 17    Spells: 3/9 levels left

rFire    . . .     SeeInvis +   d - +1 dagger (drain)
rCold    . . .     Faith    .   (shield restricted)
rNeg     . . .     Spirit   .   b - +0 robe
rPois    .         Reflect  .   (helmet restricted)
rElec    .         Harm     .   (no cloak)
rCorr    .         Rampage  .   (gloves unavailable)
Will     .....                  (boots unavailable)
Stlth    +++.......             (no amulet)
HPRegen  0.08/turn              (no ring)
MPRegen  0.12/turn              (no ring)

@: very quick
A: very small, no large weapons, unfitting armour, see invisible, speed 3
a: no special abilities


You were on level 4 of the Dungeon.
You visited 1 branch of the dungeon, and saw 4 of its levels.

You collected 131 gold pieces.

Inventory:

Hand Weapons
 a - a +1 dagger
 d - a +1 dagger of draining (weapon)
Missiles
 h - 84 stones
 i - 6 boomerangs
 k - 11 poisoned darts (quivered)
Armour
 b - a +0 robe (worn)
Jewellery
 m - a +4 ring of evasion
 n - an amulet of regeneration
Wands
 o - a wand of paralysis (9)
Scrolls
 e - a scroll of enchant armour {unknown}
 f - 2 scrolls of identify {unknown}
Potions
 c - a potion of curing {unknown}
 g - a potion of haste {unknown}
 j - a potion of degeneration {unknown}
 l - a potion of heal wounds {unknown}
 p - a potion of brilliance {unknown}


   Skills:
 + Level 3.8 Short Blades
 - Level 2.6 Dodging
 + Level 6.3 Stealth
 - Level 2.6 Spellcasting
 * Level 5.2 Hexes


You had 3 spell levels left.
You knew the following spells:

 Your Spells              Type           Power      Damage    Failure   Level
a - Corona                Hex            20%        N/A       2%          1
b - Ensorcelled Hibernat  Hex/Ice        20%        N/A       10%         2
c - Confusing Touch       Hex            18%        N/A       7%          3

Your spell library contained the following spells:

 Spells                   Type           Power      Damage    Failure   Level
 Tukima's Dance           Hex            18%        N/A       7%          3
 Dazzling Flash           Conj/Hex       20%        N/A       21%         3


Dungeon Overview and Level Annotations

Branches:
Dungeon (4/15)
 Temple: D:4-7

Altars:


Innate Abilities, Weirdness & Mutations

You are very small and have problems with some larger weapons.
You are too small for most types of armour.
You have supernaturally acute eyesight. (SInv)
You cover ground extremely quickly. (Speed+++)


Message History

You start resting.
Magic restored.
p - a bubbling purple potion A goblin comes into view.
It is wielding a +0 club.
The helpless goblin fails to defend itself.
You impale the goblin!!
You kill the goblin!
You now have 131 gold pieces (gained 16).
A jelly is nearby!
The jelly quivers.
Casting: Ensorcelled Hibernation (safe; 10% risk of failure)
Confirm with . or Enter, or press ? or * to list all spells.
Aiming: Ensorcelled Hibernation (safe; 10% risk of failure)
Press: ? - help, Shift-Dir - straight line, f - jelly
Aim: a jelly (chance to affect: 50%)
The jelly resists with some effort.
The jelly hits you.
You are splashed with acid!
Casting: Ensorcelled Hibernation (safe; 10% risk of failure)
Confirm with . or Enter, or press ? or * to list all spells.
Aiming: Ensorcelled Hibernation (safe; 10% risk of failure)
Press: ? - help, Shift-Dir - straight line, f/p - jelly
Aim: a jelly (chance to affect: 50%)
The jelly resists with some effort.
Casting: Ensorcelled Hibernation (safe; 10% risk of failure)
Confirm with . or Enter, or press ? or * to list all spells.
Aiming: Ensorcelled Hibernation (safe; 10% risk of failure)
Press: ? - help, Shift-Dir - straight line, f/p - jelly
Aim: a jelly (chance to affect: 50%)
The jelly resists with some effort.
Casting: Ensorcelled Hibernation (safe; 10% risk of failure)
Confirm with . or Enter, or press ? or * to list all spells.
Aiming: Ensorcelled Hibernation (safe; 10% risk of failure)
Press: ? - help, Shift-Dir - straight line, f/p - jelly
Aim: a jelly (chance to affect: 50%)
The jelly resists with some effort.
The jelly barely misses you.
You hit the jelly but do no damage.
Your hands burn!
You hit the jelly. You drain the jelly.
Your hands burn!
The jelly is moderately wounded.
The jelly hits you.
You are splashed with acid!
You die...

########.##.##..#
.......#........#
..####.####.######
..####.###.......# #####
...........#####)# ##...##
..####^###.# #.# #.###.##
..####.# #.# #.#########.#
#... .....†.# #.#
#...........###.## .....###
### ###@##########...###
##.).# ♣♣♣♣#..J# ##### #
#...# ♣†♣.'..## # #...#
♣♣.♣##.# # #...####
♣♣♣##.############ ####
#......######.....#.......#
#...
##....####.........#.......#
#.##
.....†.............#.......#
#.##
...........................#
#.##


You could see a jelly (drained).

Vanquished Creatures
  A scorpion (D:4)
  An orc priest (D:4)
  A hound skeleton (D:4)
  3 gnolls
  An adder skeleton (D:4)
  2 dart slugs
  3 orcs (D:3)
  5 endoplasms
  4 giant cockroaches
  4 goblins
  5 hobgoblins
  8 jackals
  A quokka (D:2)
  3 ball pythons
  2 bats (D:2)
  3 frilled lizards (D:3)
  5 kobolds (D:3)
  6 rats
58 creatures vanquished.

Vanquished Creatures (others)
  20 plants (D:3)
20 creatures vanquished.

Grand Total: 78 creatures vanquished

Notes
Turn   | Place    | Note
-------+----------+-------------------------------------------
     0 | D:1      | Gwenloh the Spriggan Enchanter began the quest for the Orb.
     0 | D:1      | Reached XP level 1. HP: 9/9 MP: 5/5
   358 | D:1      | Found a faded altar of an unknown god.
   408 | D:1      | Reached XP level 2. HP: 8/13 MP: 6/6
   411 | D:1      | Learned a level 2 spell: Ensorcelled Hibernation
  1515 | D:1      | Reached skill level 5 in Stealth
  1833 | D:2      | Reached XP level 3. HP: 16/16 MP: 2/8
  2539 | D:3      | Reached XP level 4. HP: 21/21 MP: 0/9
  2543 | D:3      | Learned a level 3 spell: Confusing Touch
  3723 | D:4      | Noticed a scorpion
  3755 | D:4      | Killed a scorpion
  3756 | D:4      | Reached skill level 6 in Stealth
  3756 | D:4      | Reached XP level 5. HP: 15/24 MP: 2/10
  3951 | D:4      | Reached skill level 5 in Hexes
  4193 | D:4      | Splashed by a jelly's acid

Illustrated notes

Levels and vault maps discovered:
D:1:      sevenhm_arrival_forest_fort_small_6, layout_rooms,
          serial_co_window_serial, co_window_corner_a, co_window_paths_a,
          co_window_corner_a, co_window_cross_1, co_window_corner_a,
          co_window_broadway_b, co_window_broadway_c,
          co_window_of_opportunity_c, co_window_broadway_c, glass_columns_b,
          shapermc_ecumenical_altar_flowoftime, grunt_decor_junction,
          palyth_stone_intersect
D:2:      layout_loops_cross
D:3:      layout_loops_ring, glass_columns_b, lexackson_kobold_supper
D:4:      minmay_bubble_buster, layout_loops_cross, kennysheep_generic_room_14

Skill      XL: |  1  2  3  4  5 |
---------------+----------------+-----
Short Blades   | 2 3 |  3.8
Stealth        | 5 6 |  6.3
Hexes          | 4 5 |  5.2
Dodging        | |  2.6
Spellcasting   | |  2.6

Action                   |  1- 3 |  4- 6 || total
-------------------------+-------+-------++-------
Melee: Dagger            |    61 |    77 ||   138
Throw: Stone             |     3 |       ||     3
       Dart              |     4 |     4 ||     8
 Cast: Ensorcelled Hiber |    18 |    13 ||    31
       Corona            |     1 |       ||     1
       Confusing Touch   |       |     1 ||     1
 Stab: Sleeping          |    13 |    14 ||    27
       Distracted        |     1 |       ||     1
       Confused          |       |     1 ||     1
Armor: Robe              |     8 |     4 ||    12
Dodge: Dodged            |    56 |    28 ||    84

Table legend: (Time is in decaauts)
 A = Elapsed time spent in this place.
 B = Non-inter-level travel time spent in this place.
 C = Inter-level travel time spent in this place.
 D = Time resting spent in this place.
 E = Time spent auto-exploring this place.
 F = Levels seen in this place.
 G = Mean time per level.
                   A        B        C        D        E       F      G
               +--------+--------+--------+--------+--------+-----+--------+
         Total |   3152 |   3010 |    142 |    180 |   2294 |   4 |  788.0 |
       Dungeon |   3152 |   3010 |    142 |    180 |   2294 |   4 |  788.0 |
               +--------+--------+--------+--------+--------+-----+--------+

Top non-repeatable levels by time:
     D:1: 1170 daAuts
     D:3: 924 daAuts
     D:2: 643 daAuts
     D:4: 414 daAuts
